 Dungeon Crawl Stone Soup version 0.29.1-12-g30fa7ad0bf (webtiles) character file.

Game seed: 7411655085141347983

547 soggyman666 the Magician (level 7, -4/45 HPs)
             Began as a Djinni Fire Elementalist on Dec 25, 2022.
             Killed by divine providence
             ... invoked by an orc priest
              (16 damage)
             ... on level 4 of the Dungeon.
             The game lasted 00:11:40 (6015 turns).

soggyman666 the Magician (Djinni Fire Elementalist) Turns: 6015, Time: 00:11:40

Health: -4/45      AC:  6    Str:  7    XL:     7   Next: 53%
Gold:   345        EV: 12    Int: 19    God:
                   SH:  0    Dex: 13

rFire   + + .      SeeInvis .   k - staff of conjuration
rCold   x . .      Faith    .   (no shield)
rNeg    . . .      Spirit   .   a - +0 robe
rPois   ∞          Reflect  .   g - +0 helmet
rElec   .          Harm     .   u - +0 cloak
rCorr   +          Rampage  .   d - +1 pair of gloves
Will    .....                   (boots unavailable)
Stlth   ++........              (no amulet)
HPRegen 0.15/turn               c - ring of resist corrosion
MPRegen 0.00/turn               (no ring)

@: flying
A: sickness immunity, fire resistance 2, cold vulnerability 1, float, innate
caster, HP casting, extra vitality 1
a: no special abilities


You were on level 4 of the Dungeon.
You visited 1 branch of the dungeon, and saw 4 of its levels.
You also visited: Sewer.

You collected 345 gold pieces.

Inventory:

Armour
 a - a +0 robe (worn)
 d - a +1 pair of gloves (worn)
 g - a +0 helmet (worn)
 u - a +0 cloak (worn)
Magical Staves
 k - a staff of conjuration (weapon)
Jewellery
 c - a ring of resist corrosion (left hand)
Wands
 p - a wand of flame (22)
Scrolls
 b - 3 scrolls of teleportation
 h - 2 scrolls of immolation
 i - a scroll of enchant armour
 n - a scroll of brand weapon {unknown}
 o - a scroll of blinking
 q - a scroll of vulnerability {unknown}
 s - a scroll of fear
 t - a scroll of magic mapping {unknown}
Potions
 e - 3 potions of haste
 f - a potion of magic {unknown}
 j - 4 potions of curing
 m - a potion of might {unknown}
 r - 2 potions of attraction {unknown}


   Skills:
 + Level 2.3 Dodging
 + Level 2.8 Stealth
 + Level 5.8 Spellcasting


You couldn't memorise any spells.
You knew the following spells:

 Your Spells              Type           Power      Damage    Failure   Level
a - Foxfire               Conj/Fire      100%       2x1d9     1%          1
b - Scorch                Fire           54%        2d8       1%          2
c - Conjure Flame         Conj/Fire      41%        6-21      3%          3
d - Inner Flame           Hex/Fire       27%        N/A       3%          3
e - Flame Wave            Conj/Fire      41%        2d11      10%         4
f - Beastly Appendage     Tmut           54%        N/A       1%          1
g - Call Imp              Summ           27%        N/A       1%          2
h - Tukima's Dance        Hex            27%        N/A       3%          3
Your spell library was empty.

Dungeon Overview and Level Annotations

Branches:
Dungeon (4/15)              Sewer (visited)
 Temple: D:4-7

Altars:
Cheibriados
Dithmenos
Qazlal
Yredelemnul

Shops:
D:1 :


Innate Abilities, Weirdness & Mutations

You are immune to sickness and miasma.
You are immune to poison.
Your flesh is very heat resistant. (rF++)
You are vulnerable to cold. (rC-)
You float through the air rather than walking.
You learn spells naturally, not from books.
Your magical power is your life essence.
You have superior vitality. (+4 MHP)


Message History

The orc priest calls down the wrath of Beogh upon you.
Beogh smites you!
Casting: Call Imp (safe; 1% risk of failure)
Confirm with . or Enter, or press ? or * to list all spells.
A shadowy apparition takes form in the air.
* * * LOW HITPOINT WARNING * * *
Your crimson imp disappears in a puff of smoke!
A puff of flame appears from out of thin air!
The puff of flame misses you.
Something tries to affect you, but you resist.
What are your orders? t - Shout!
Orders for allies: a - Attack new target. r - Retreat! s - Stop attacking. g - Guard the area. f - Follow me.
Anything else - Cancel.
Gang up on whom?
Press: ? - help, Dir - move target There's nothing there!
Unknown command.
What are your orders? t - Shout!
Orders for allies: a - Attack new target. r - Retreat! s - Stop attacking. g - Guard the area. f - Follow me.
Anything else - Cancel.
Guard this area!
The orc priest invokes the aid of Beogh against you.
You struggle to resist.
Your shadow imp misses the orc priest.
Casting: Call Imp (safe; 1% risk of failure)
Confirm with . or Enter, or press ? or * to list all spells.
Aiming: Tukima's Dance (dangerous; 3% risk of failure)
Press: ? - help, Shift-Dir - straight line, f - orc priest
Aim: an orc priest, wielding a +0 short sword (ally target, chance to affect: 58%)
The +0 short sword dances into the air!
* * * LOW HITPOINT WARNING * * *
The orc priest mumbles some strange prayers to Beogh against you.
Beogh smites you!
You die...

#.# #....#.# #....... #.#
#....#.# #.....).. #.# #....#.#
#####........ ######'####....#.#
#...#........ #..............#.#
#...#........ #.........>....#.#
#...#........
#..............#.####...#........
#..............#..5)(.......###+#
#...............@.o{.............
#..............######...#...###.#
######.........# #...#...###.#
#####.....# #...#........ #.....#
#.###...###.# #######..###### #.#
#...# #.#
..............####.###...# #.#
........#.###........#...# #.#
.......#.§§#######.#?....###.#


You could see an orc priest (ally target), a friendly +0 short sword and a
friendly shadow imp (summoned).

Vanquished Creatures
  Sigmund (D:3)
  2 bullfrogs
  A howler monkey (D:4)
  A jelly (D:2)
  3 river rats (D:3)
  8 adders
  A worm (D:4)
  3 orcs (D:4)
  6 bats
  18 endoplasms
  6 giant cockroaches
  A goblin (D:1)
  A hobgoblin (D:3)
  11 quokkas
  14 ball pythons
  10 frilled lizards
  7 kobolds
  5 rats
99 creatures vanquished.

Vanquished Creatures (collateral kills)
  An orc (D:3)
  8 foxfires (D:1)
9 creatures vanquished.

Vanquished Creatures (others)
  7 demonic plants (D:2)
  432 foxfires
  12 fungi (D:2)
  9 plants (D:2)
  6 withered plants (D:2)
466 creatures vanquished.

Grand Total: 574 creatures vanquished

Notes
Turn   | Place    | Note
-------+----------+-------------------------------------------
     0 | D:1      | soggyman666 the Djinni Fire Elementalist began the quest
                  | for the Orb.
     0 | D:1      | soggyman666 set off with the following spells memorised:
                  | Foxfire, Scorch, Conjure Flame, Inner Flame, Flame Wave.
     0 | D:1      | Reached XP level 1. HP: 15/15 MP: 0/0
   500 | D:1      | Reached XP level 2. HP: 16/21 MP: 0/0
  1162 | D:1      | Reached skill level 3 in Spellcasting
  1204 | D:1      | Found Fuicif's Book Boutique.
  1672 | D:2      | Reached XP level 3. HP: 22/25 MP: 0/0
  1672 | D:2      | Learned a level 1 spell: Beastly Appendage
  1682 | D:2      | Reached XP level 4. HP: 21/31 MP: 0/0
  2217 | D:2      | Found a faded altar of an unknown god.
  3292 | D:3      | Found a glowing drain.
  3297 | D:3      | Reached XP level 5. HP: 30/35 MP: 0/0
  3297 | D:3      | Learned a level 2 spell: Call Imp
  3304 | D:3      | You are sucked into a shaft and drop 1 floor!
  3317 | D:3      | Reached skill level 4 in Spellcasting
  3321 | D:3      | Noticed Sigmund
  3348 | Sewer    | Entered a sewer
  4486 | Sewer    | Noticed a bullfrog
  4490 | Sewer    | Killed a bullfrog
  4491 | Sewer    | Reached XP level 6. HP: 36/40 MP: 0/0
  4551 | D:3      | Killed Sigmund
  4552 | D:3      | Reached skill level 5 in Spellcasting
  4552 | D:3      | Reached XP level 7. HP: 33/45 MP: 0/0
  4552 | D:3      | Learned a level 3 spell: Tukima's Dance
  5825 | D:4      | Found a stormy altar of Qazlal.
  5841 | D:4      | Found a snail-covered altar of Cheibriados.
  5880 | D:4      | Found a shadowy altar of Dithmenos.
  5952 | D:4      | Found a basalt altar of Yredelemnul.
  6015 | D:4      | Killed from afar by an orc priest

Illustrated notes

Levels and vault maps discovered:
D:1:      nicolae_arrival_washed_ashore, layout_rooms, serial_forest,
          infiniplex_forest_clump_long, infiniplex_forest_lined_2,
          infiniplex_forest_corner_1, infiniplex_forest_clump_medium,
          infiniplex_forest_lined_2, infiniplex_forest_lined_corner,
          infiniplex_forest_clump_large, serial_shops,
          nicolae_shop_hallway_stairs, serial_bayou_pond_d, st_stairs_9
D:2:      layout_loops_ring, shapermc_ecumenical_altar_gd
D:3:      layout_rooms, portal_sewer_entry_a, minmay_pentomino_pile,
          uniq_sigmund
D:4:      layout_basic, grunt_dithmenos_smoke_and_mirrors,
          mainiacjoe_overflow_tiny_flanked, lemuel_round_altar,
          mainiacjoe_overflow_swirl

Skill      XL: |  1  2  3  4  5  6 |
---------------+-------------------+-----
Spellcasting   | 3 4 5 |  5.8
Stealth        | 2 |  2.8
Dodging        | |  2.3

Action                   |  1- 3 |  4- 6 |  7- 9 || total
-------------------------+-------+-------+-------++-------
Melee: Staff             |       |     8 |       ||     8
 Cast: Foxfire           |    72 |   137 |    49 ||   258
       Scorch            |     3 |    22 |    10 ||    35
       Flame Wave        |       |     2 |       ||     2
       Inner Flame       |       |     2 |     3 ||     5
       Tukima's Dance    |       |       |     5 ||     5
       Call Imp          |       |       |     3 ||     3
  Use: Scroll            |     3 |       |     5 ||     8
Armor: Robe              |       |     1 |       ||     1
Dodge: Dodged            |     1 |     4 |     8 ||    13
